 Seeded DCSS version 0.32-a0-999-gfa1cc04b1d (webtiles) character file.

Game seed: 202404247 (custom seed)

40 Orlauf the Slasher (level 3, -24/28 HPs)
             Began as a Demonspawn Gladiator on Apr 24, 2024.
             Killed by an exploding jackal (27 damage)
             ... ignited by their inner flame
             ... on level 2 of the Dungeon.
             The game lasted 00:02:00 (972 turns).

Orlauf the Slasher (Demonspawn Gladiator)            Turns: 972, Time: 00:02:01

Health: -24/28     AC:  7    Str: 16    XL:     3   Next: 30%
Magic:  3/3        EV: 10    Int:  8    God:
Gold:   68         SH:  0    Dex: 14    Spells: 2/2 levels left

rFire   . . .        a - +0 long sword
rCold   . . .        (no shield)
rNeg    . . .        g - +0 ring mail
rPois   .            c - +0 helmet
rElec   .            f - +0 cloak
rCorr   +            (no gloves)
SInv    .            (no boots)
Will    .....        (no amulet)
Stlth   +            k - ring of resist corrosion
HPRegen 0.24/turn    (no ring)
MPRegen 0.08/turn

%: no passive effects
@: wreathed by umbra
A: claws 1, foul shadow 1
a: no special abilities


You were on level 2 of the Dungeon.
You visited 1 branch of the dungeon, and saw 2 of its levels.

You collected 68 gold pieces.

Inventory:

Hand Weapons
 a - a +0 long sword (weapon)
 b - a +0 short sword
Armour
 c - a +0 helmet (worn)
 f - a +0 cloak (worn)
 g - a +0 ring mail (worn)
 l - a +0 leather armour
Jewellery
 k - a ring of resist corrosion (left claw)
Scrolls
 h - a scroll of identify
 j - 2 scrolls of revelation
Potions
 i - 2 potions of curing
 m - a potion of heal wounds {unknown}


   Skills:
 + Level 2.6 Fighting
 * Level 3.6 Long Blades
 - Level 1.7 Throwing
 - Level 2.6 Dodging


You had 2 spell levels left.
You didn't know any spells.
Your spell library contained the following spells:

 Spells                   Type           Power      Damage    Failure   Level
 Ensorcelled Hibernation  Hex/Ice        0%         N/A       77%         2
 Fugue of the Fallen      Necr           0%         N/A       94%         3
 Inner Flame              Hex/Fire       0%         N/A       94%         3
 Anguish                  Hex/Necr       0%         N/A       100%        4
 Irradiate                Conj/Alch      0%         3d11      100%        5
 Ignition                 Fire           0%         3d3       100%        8


Dungeon Overview and Level Annotations

Branches:
Dungeon (2/15)

Altars:


Innate Abilities, Weirdness & Mutations

You have sharp fingernails.
You are faintly shadowed, very rarely releasing foul flame when damaged in melee.


Message History

Press: ? - help, Q - select action, (/) - cycle Shift-Dir - straight line, f - jackal, p - jackal
Aim: a jackal (inner flame, umbra, 47% to hit)
You throw a throwing net.
The throwing net barely misses the jackal.
The throwing net hits the jackal.
The jackal struggles against the net.
The net rips apart, and the jackal comes free!
The rat twitches its whiskers.
Throw: throwing net
Press: ? - help, Q - select action, (/) - cycle Shift-Dir - straight line, f/p - jackal
Aim: a jackal (inner flame, umbra, 47% to hit)
You throw a throwing net.
The throwing net barely misses the jackal.
The jackal bites you but does no damage. x2
The jackal completely misses you. The jackal attacks as it pursues you!
The jackal barely misses you.
The jackal bites you but does no damage.
The jackal closely misses you.
Throw: javelin
Press: ? - help, Q - select action Shift-Dir - straight line, f - endoplasm, p - jackal
Aim: an endoplasm (inner flame, 85% to hit)
You throw a javelin.
The javelin pierces through the jackal but does no damage.
The javelin pierces through the jackal!
The javelin pierces through the endoplasm!
The javelin closely misses the rat.
The endoplasm explodes!
The fiery explosion engulfs the rat!!!
You feel a bit more experienced.
You hear an explosion!
The rat explodes!
The jackal explodes!
The fiery explosion engulfs the jackal!!!
The fiery explosion engulfs the jackal!!
The fiery explosion engulfs the adder!!!
The adder explodes!
The jackal explodes!
The fiery explosion engulfs you!
* * * LOW HITPOINT WARNING * * *
The jackal explodes!
The fiery explosion engulfs you!!
Ouch! That really hurt!
You die...

....#...........###...
...##.(#........# #.##
##..............###.##
###...............#. #
###..#........#..... ..
#.............#.##..
#.#...§.§.....(...##.#
#....§§§###......#...#
#...@§§§##......#.###
#....##§§#........#
........###.§.....####
.$......# ##..#...#
......... #......####..
...>..........#.†....^..
...###.#...........#.#.#
.## #. #....##........
.....####........


There were no monsters in sight!

Vanquished Creatures
  An adder (D:2)
  3 ball pythons
  4 endoplasms
  3 giant cockroaches
  3 goblins
  8 jackals
  2 quokkas (D:1)
  6 bats (D:1)
  A frilled lizard (D:1)
  4 kobolds
  9 rats
44 creatures vanquished.

Notes
Turn   | Place    | Note
-------+----------+-------------------------------------------
     0 | D:1      | Orlauf the Demonspawn Gladiator began the quest for the
                  | Orb.
     0 | D:1      | Reached XP level 1. HP: 16/16 MP: 1/1
    61 | D:1      | Found a faded altar of an unknown god.
   130 | D:1      | Reached skill level 3 in Long Blades
   205 | D:1      | Gained mutation: You have sharp fingernails. [demonic
                  | ancestry]
   205 | D:1      | Reached XP level 2. HP: 21/22 MP: 2/2
   647 | D:1      | Gained mutation: You are faintly shadowed, very rarely
                  | releasing foul flame when damaged in melee. [demonic
                  | ancestry]
   647 | D:1      | Reached XP level 3. HP: 20/28 MP: 3/3
   972 | D:2      | Killed by an exploding jackal... ignited by their inner
                  | flame

Illustrated notes

Levels and vault maps discovered:
D:1:      dpeg_arrival_subterranean_lakeside_camping, layout_loops_ring,
          ebering_ecumenical_altar_box, serial_bayou_pond_e,
          serial_bayou_pond_b, minmay_stone_trees_medium
D:2:      layout_rooms, uniq_robin

Skill      XL: |  1 |
---------------+----+-----
Long Blades    | 3 |  3.6
Fighting       | |  2.6
Throwing       | |  1.7
Dodging        | |  2.6

Action                     || total
---------------------------++-------
  Melee: Long sword        ||   102
  Throw: Throwing net      ||     3
         Javelin           ||     1
    Use: Scroll            ||     4
 Armour: Leather armour    ||     9
         Ring mail         ||    83
  Dodge: Dodged            ||    92

Table legend: (Time is in decaauts)
 A = Elapsed time spent in this place.
 B = Non-inter-level travel time spent in this place.
 C = Inter-level travel time spent in this place.
 D = Time resting spent in this place.
 E = Time spent auto-exploring this place.
 F = Levels seen in this place.
 G = Mean time per level.
                   A        B        C        D        E       F      G
               +--------+--------+--------+--------+--------+-----+--------+
         Total |   1003 |    977 |     26 |      2 |    702 |   2 |  501.5 |
       Dungeon |   1003 |    977 |     26 |      2 |    702 |   2 |  501.5 |
               +--------+--------+--------+--------+--------+-----+--------+

Top non-repeatable levels by time:
     D:1: 893 daAuts
     D:2: 110 daAuts
